 Dungeon Crawl Stone Soup version 0.28-a0-503-g83f2989fac (webtiles) character file.

Game seed: 15788952595495593303

303 Tocho the Cutter (level 6, 0/69 HPs)
             Began as a Vampire Gladiator on Sept 20, 2021.
             Slain by a kobold brigand (20 damage)
             ... on level 3 of the Dungeon.
             The game lasted 00:06:59 (2578 turns).

Tocho the Cutter (Vampire Gladiator)                Turns: 2578, Time: 00:06:59

Health: 0/69       AC: 23    Str: 14    XL:     6   Next: 15%
Magic:  6/6        EV:  2    Int: 12    God:
Gold:   74         SH:  0    Dex: 15    Spells: 5/5 levels left

rFire   . . .      SeeInvis +   f - +2 short sword (elec)
rCold   . . .      Faith    .   (no shield)
rNeg    + + +      Spirit   .   (armour currently unavailable)
rPois   +          Reflect  .   (helmet currently unavailable)
rElec   .          Harm     .   (cloak currently unavailable)
rCorr   .          Rampage  .   (gloves currently unavailable)
Will    .....      NoTele   +   (boots currently unavailable)
Stlth   ++........              (no amulet)
HPRegen 0.41/turn               (no ring)
MPRegen 0.10/turn               (no ring)

@: tree-form (expiring), healing quickly
A: stationary, stasis, torment immunity, boosted hp, alive, (fangs 3), see
invisible, vampiric 2
a: Exsanguinate


You were on level 3 of the Dungeon.
You were a tree.
You visited 1 branch of the dungeon, and saw 3 of its levels.

You collected 114 gold pieces.
You spent 40 gold pieces at shops.

Inventory:

Hand Weapons
 a - a +0 rapier
 f - a +2 short sword of electrocution (weapon)
Missiles
 d - 3 throwing nets (quivered)
 l - 14 poisoned darts
Armour
 b - a +0 leather armour (melded)
 c - a +1 helmet (melded)
 m - a +0 helmet
Magical Staves
 g - a staff of earth
Jewellery
 h - an amulet of magic regeneration
 q - a ring of magical power
Scrolls
 i - 2 scrolls of teleportation
 k - a scroll of amnesia {unknown}
Potions
 e - a potion of cancellation
 j - a potion of attraction {unknown}
 n - a potion of curing {unknown}


   Skills:
 + Level 2.6 Fighting
 + Level 5.4 Short Blades
 + Level 1.6 Throwing
 + Level 2.2 Armour
 + Level 4.4 Dodging
 + Level 1.3 Stealth


You had 5 spell levels left.
You didn't know any spells.
Your spell library contained the following spells:

 Spells                   Type           Power      Damage    Failure   Level
 Chain Lightning          Conj/Air       0%         N/A       100%        9
 Fire Storm               Conj/Fire      0%         5d1       100%        9
 Shatter                  Erth           0%         3d5*      100%        9


Dungeon Overview and Level Annotations

Branches:
Dungeon (3/15)

Altars:

Shops:
D:3 ?


Innate Abilities, Weirdness & Mutations

You are a tree.
Your roots penetrate the ground, keeping you stationary.
You cannot be teleported.
You are immune to unholy pain and torment.
Your maximum health is greatly increased.
Your equipment is partially melded.
Your natural rate of healing is accelerated.
((You have razor-sharp teeth.))
You have supernaturally acute eyesight. (SInv)
You are afflicted with vampirism and can become a bat while bloodless.


Message History

Sabo's ghost hits you!
You barely miss Sabo's ghost.
Sabo's ghost is almost destroyed.
Sabo's ghost hits you but does no damage.
You hit Sabo's ghost but do no damage.
Sabo's ghost is almost destroyed.
Sabo's ghost hits you but does no damage.
You closely miss Sabo's ghost.
Sabo's ghost is almost destroyed.
Sabo's ghost barely misses you.
You hit Sabo's ghost but do no damage.
Sabo's ghost is almost destroyed.
You hit Sabo's ghost but do no damage.
Sabo's ghost is almost destroyed.
Sabo's ghost hits you but does no damage.
You hit Sabo's ghost but do no damage.
Sabo's ghost is almost destroyed.
Sabo's ghost hits you but does no damage.
You closely miss Sabo's ghost.
Sabo's ghost is almost destroyed.
Your transformation is almost over.
Sabo's ghost barely misses you.
You closely miss Sabo's ghost.
Sabo's ghost is almost destroyed.
Sabo's ghost hits you!
* * * LOW HITPOINT WARNING * * *
You puncture Sabo's ghost!
You destroy Sabo's ghost!
Your Short Blades skill increases to level 5!
Your Stealth skill increases to level 1!
You have reached level 6!
Your experience leads to an increase in your attributes!
Increase (S)trength, (I)ntelligence, or (D)exterity?
You feel clever.
You hit the kobold.
You kill the kobold!
You closely miss the kobold brigand.
The kobold brigand hits you but does no damage.
Space warps horribly around you!!
You die...

#.#######⌠.#.#.⌠#
#.# #.#...#.#
########.####
###.K...###
#...........#
#.##'''##.#
............#
#.K.......#
#.######.#..#
##.#K.##### #)#
#.#..# #KKK## ..#
#)#..# #K### ###
#.#..####♣#
#.........#
###..######
#########..##
#...>.......#
#.#####.###.# #.#
#.# #.# #.#
#.###.# #.#
#.....#


You could see a kobold brigand and 4 kobolds.

Vanquished Creatures
  The ghost of Sabo the Chopper, an amateur GrBe of Trog (D:3)
  Jessica (D:3)
  2 orc wizards (D:3)
  Robin (D:3)
  3 adders
  2 dart slugs (D:2)
  6 orcs (D:3)
  4 bats
  4 endoplasms
  A giant cockroach (D:3)
  8 goblins
  8 hobgoblins
  5 quokkas
  A ball python (D:3)
  5 frilled lizards
  7 kobolds
  8 rats
67 creatures vanquished.

Notes
Turn   | Place    | Note
-------+----------+-------------------------------------------
     0 | D:1      | Tocho the Vampire Gladiator began the quest for the Orb.
     0 | D:1      | Reached XP level 1. HP: 16/16 MP: 1/1
   218 | D:1      | Reached XP level 2. HP: 22/22 MP: 2/2
  1142 | D:2      | Gained mutation: You are afflicted with vampirism and can
                  | become a bat while bloodless. [Vampire growth]
  1142 | D:2      | Reached XP level 3. HP: 27/27 MP: 3/3
  1165 | D:2      | Reached skill level 4 in Short Blades
  1486 | D:3      | Noticed an eye of devastation
  1659 | D:3      | Noticed Robin
  1677 | D:3      | Reached skill level 1 in Armour
  1696 | D:3      | Killed Robin
  1697 | D:3      | Reached XP level 4. HP: 33/33 MP: 4/4
  1812 | D:3      | Found a runed translucent gate.
  1812 | D:3      | Found a runed translucent gate.
  1814 | D:3      | Noticed a kobold brigand
  1814 | D:3      | Noticed Sabo's ghost (amateur GrBe)
  1816 | D:3      | Found a runed translucent gate.
  1844 | D:3      | Noticed Jessica
  1849 | D:3      | Killed Jessica
  2003 | D:3      | Reached XP level 5. HP: 32/38 MP: 5/5
  2178 | D:3      | Found a faded altar of an unknown god.
  2178 | D:3      | Noticed a floating eye
  2179 | D:3      | Noticed a floating eye
  2179 | D:3      | Noticed a golden eye
  2249 | D:3      | Found Funuutol's Magic Scroll Boutique.
  2253 | D:3      | Bought a scroll of identify for 20 gold pieces
  2253 | D:3      | Bought a scroll of identify for 20 gold pieces
  2576 | D:3      | Killed Sabo's ghost
  2577 | D:3      | Reached skill level 5 in Short Blades
  2577 | D:3      | Reached skill level 1 in Stealth
  2577 | D:3      | Reached XP level 6. HP: 20/46 MP: 6/6
  2578 | D:3      | Slain by a kobold brigand

Illustrated notes

Levels and vault maps discovered:
D:1:      minmay_arrival_four_houses, layout_basic
D:2:      layout_rooms
D:3:      layout_loops_ring, serial_shops, shop, gammafunk_ghost_nasty_kobolds,
          hellmonk_ecumenical_altar_watching_god, st_stairs_6, uniq_robin,
          uniq_jessica

Skill      XL: |  1  2  3  4  5 |
---------------+----------------+-----
Short Blades   | 4 5 |  5.4
Dodging        | 4 |  4.4
Armour         | 1 2 |  2.2
Fighting       | 2 |  2.6
Stealth        | 1 |  1.3
Throwing       | |  1.6

Action                   |  1- 3 |  4- 6 || total
-------------------------+-------+-------++-------
Melee: Rapier            |    37 |       ||    37
       Bite              |    10 |     8 ||    18
       Short sword       |    60 |   138 ||   198
  Use: Scroll            |       |     6 ||     6
       Potion            |       |     2 ||     2
Armor: Leather armour    |    19 |    13 ||    32
       Skin              |       |    37 ||    37
Dodge: Dodged            |    50 |    41 ||    91

Table legend: (Time is in decaauts)
 A = Elapsed time spent in this place.
 B = Non-inter-level travel time spent in this place.
 C = Inter-level travel time spent in this place.
 D = Time resting spent in this place.
 E = Time spent auto-exploring this place.
 F = Levels seen in this place.
 G = Mean time per level.
                   A        B        C        D        E       F      G
               +--------+--------+--------+--------+--------+-----+--------+
         Total |   2553 |   2339 |    214 |    188 |   1631 |   3 |  851.0 |
       Dungeon |   2553 |   2339 |    214 |    188 |   1631 |   3 |  851.0 |
               +--------+--------+--------+--------+--------+-----+--------+

Top non-repeatable levels by time:
     D:3: 1071 daAuts
     D:1: 1059 daAuts
     D:2: 423 daAuts
